 Dungeon Crawl Stone Soup version 0.28-a0-1241-gf280a0fbb2 (webtiles) character file.

Game seed: 17264454640683182610

481 Grim the Spear-Bearer (level 7, -2/50 HPs)
             Began as a Merfolk Gladiator on Dec 26, 2021.
             Slain by a jelly (3 damage)
             ... on level 4 of the Dungeon.
             The game lasted 00:05:54 (3379 turns).

Grim the Spear-Bearer (Merfolk Gladiator)           Turns: 3379, Time: 00:05:55

Health: -2/50      AC: -11   Str: 19    XL:     7   Next: 12%
Magic:  7/7        EV: 15    Int:  7    God:
Gold:   157        SH:  0    Dex: 15    Spells: 6/6 levels left

rFire   . . .      SeeInvis .   a - +0 trident
rCold   . . .      Faith    .   (no shield)
rNeg    . . .      Spirit   .   b - +0 leather armour
rPois   .          Reflect  .   c - +0 helmet
rElec   .          Harm     .   j - scarf {repulsion}
rCorr   .          Rampage  .   (no gloves)
Will    +....                   s - +0 pair of boots
Stlth   +.........              (no amulet)
HPRegen 0.16/turn               n - ring of willpower
MPRegen 0.10/turn               (no ring)

@: corroded, repel missiles
A: (nimble swimmer 2), mertail, strong 1
a: no special abilities


You were on level 4 of the Dungeon.
You visited 1 branch of the dungeon, and saw 4 of its levels.
You also visited: Sewer.

You collected 157 gold pieces.

Inventory:

Hand Weapons
 a - a +0 trident (weapon)
Missiles
 d - a throwing net (quivered)
Armour
 b - a +0 leather armour (worn)
 c - a +0 helmet (worn)
 j - a scarf of repulsion (worn)
 s - a +0 pair of boots (worn)
Jewellery
 n - a ring of willpower (left hand)
Scrolls
 f - 2 scrolls of teleportation {unknown}
 h - 5 scrolls of identify {unknown}
 i - a scroll of immolation {unknown}
 m - a scroll of noise {unknown}
 o - a scroll of acquirement {unknown}
 q - a scroll of blinking {unknown}
 r - a scroll of enchant armour {unknown}
Potions
 e - a potion of mutation {!q}
 g - a potion of haste {unknown}
 k - a potion of heal wounds {unknown}
 l - 2 potions of curing {unknown}
 p - a potion of brilliance {unknown}


   Skills:
 - Level 2.1 Fighting
 * Level 9.6 Polearms
 - Level 2.0 Throwing
 + Level 6.7 Dodging


You had 6 spell levels left.
You didn't know any spells.
Your spell library contained the following spells:

 Spells                   Type           Power      Damage    Failure   Level
 Animate Skeleton         Necr           0%         N/A       50%         1
 Apportation              Tloc           0%         N/A       50%         1
 Shock                    Conj/Air       0%         1d3       50%         1
 Summon Small Mammal      Summ           0%         N/A       50%         1
 Frozen Ramparts          Ice            0%         1d2       86%         3
 Swiftness                Air            0%         N/A       86%         3
 Airstrike                Air            0%         N/A       99%         4
 Ice Form                 Ice/Tmut       0%         N/A       99%         4
 Summon Ice Beast         Ice/Summ       0%         N/A       99%         4


Dungeon Overview and Level Annotations

Branches:
Dungeon (4/15)              Sewer (visited)
 Temple: D:4-7

Altars:


Innate Abilities, Weirdness & Mutations

((You are very nimble when in or above water. (Stealth+, EV+, Speed+++)))
Your lower body shifts to a powerful aquatic tail in water.
Your muscles are strong. (Str +2)


Message History

The jelly is lightly wounded.
You puncture the jelly! The acid corrodes you!
Your hands burn!
The jelly is moderately wounded.
The jelly hits you but does no damage.
You hit the jelly.
Your hands burn!
The jelly is heavily wounded.
The jelly hits you.
You are splashed with acid!
* * * LOW HITPOINT WARNING * * *
You puncture the jelly!
Your hands burn!
* * * LOW HITPOINT WARNING * * *
The jelly is severely wounded.
The jelly closely misses you.
You barely miss the jelly.
The jelly is severely wounded.
The jelly hits you.
* * * LOW HITPOINT WARNING * * *
You are splashed with acid!
* * * LOW HITPOINT WARNING * * *
You are too injured to fight recklessly!
You hit the jelly. The acid corrodes you!
Your hands burn!
* * * LOW HITPOINT WARNING * * *
The jelly is severely wounded.
You puncture the jelly! The acid corrodes you!
Your hands burn!
* * * LOW HITPOINT WARNING * * *
The jelly is almost dead.
The jelly barely misses you.
You hit the jelly.
Your hands burn!
* * * LOW HITPOINT WARNING * * *
The jelly is almost dead.
The jelly barely misses you.
You barely miss the jelly.
The jelly is almost dead.
The jelly hits you.
* * * LOW HITPOINT WARNING * * *
The acid corrodes you!
You are splashed with acid!
* * * LOW HITPOINT WARNING * * *
It was a potion of mutation.
You feel extremely strange.
You feel stronger. The jelly hits you.
You die...

#.............
#######.............
####....##.)##.#####...
........##..##...###...
.........#...†.........
.........#...).........
..##'#####..###..#####
..##...###..###..##
..............#.@.#
.).......>....#.J.#
..............#...#
..............#...#
.......#########.##
..###+## $.# ..# ..#
.[.# ...# ...# ##^#


You could see a jelly.

Vanquished Creatures
  A water moccasin (Sewer)
  A black bear (D:2)
  A necrophage (D:4)
  Robin (D:2)
  2 gnolls (D:3)
  8 adders
  A worm (D:2)
  3 orcs
  7 ball pythons
  5 endoplasms
  3 giant cockroaches
  14 goblins
  10 hobgoblins
  11 jackals
  4 quokkas (D:4)
  5 bats
  3 frilled lizards (D:1)
  7 kobolds
  10 rats
97 creatures vanquished.

Notes
Turn   | Place    | Note
-------+----------+-------------------------------------------
     0 | D:1      | Grim the Merfolk Gladiator began the quest for the Orb.
     0 | D:1      | Reached XP level 1. HP: 16/16 MP: 1/1
    67 | D:1      | Found a faded altar of an unknown god.
   185 | D:1      | Reached XP level 2. HP: 21/22 MP: 2/2
   223 | D:1      | Reached skill level 5 in Polearms
   779 | D:2      | Reached XP level 3. HP: 23/27 MP: 3/3
   883 | D:2      | Noticed a black bear
   907 | D:2      | Killed a black bear
   908 | D:2      | Reached skill level 7 in Polearms
   908 | D:2      | Reached skill level 5 in Dodging
   908 | D:2      | Reached XP level 4. HP: 19/33 MP: 4/4
   908 | D:2      | Reached XP level 5. HP: 22/38 MP: 5/5
  1150 | D:2      | Noticed Robin
  1592 | D:2      | Killed Robin
  1964 | D:3      | Reached skill level 8 in Polearms
  2219 | D:3      | Reached XP level 6. HP: 44/44 MP: 6/6
  2591 | D:4      | Found a glowing drain.
  2627 | Sewer    | Entered a sewer
  2765 | Sewer    | Noticed a water moccasin
  2778 | Sewer    | Killed a water moccasin
  2779 | Sewer    | Reached skill level 9 in Polearms
  3000 | D:4      | Noticed a necrophage
  3017 | D:4      | Killed a necrophage
  3018 | D:4      | Reached XP level 7. HP: 28/50 MP: 7/7
  3378 | D:4      | HP: 1/50 [acid (9)]
  3379 | D:4      | Gained mutation: Your muscles are strong. (Str +2) [potion
                  | of mutation]
  3379 | D:4      | Slain by a jelly

Illustrated notes

Levels and vault maps discovered:
D:1:      minmay_arrival_nine_rooms, layout_loops_ring,
          ebering_ecumenical_altar_hall
D:2:      layout_rooms, grunt_ministairs_6, uniq_robin
D:3:      layout_basic, minmay_guardbox
D:4:      layout_gridville, portal_sewer_entry_f, uniq_grinder

Skill      XL: |  1  2  3  4  5  6 |
---------------+-------------------+-----
Polearms       | 5 7 8 9 |  9.6
Dodging        | 5 6 |  6.7
Fighting       | |  2.1
Throwing       | |  2.0

Action                   |  1- 3 |  4- 6 |  7- 9 || total
-------------------------+-------+-------+-------++-------
Melee: Trident           |    88 |   214 |    45 ||   347
Throw: Throwing net      |     3 |     3 |       ||     6
  Use: Potion            |       |       |     1 ||     1
 Stab: Held in net/web   |     2 |       |       ||     2
       Sleeping          |       |     2 |       ||     2
Armor: Leather armour    |    11 |    54 |    11 ||    76
Dodge: Dodged            |    44 |   160 |    34 ||   238

Table legend: (Time is in decaauts)
 A = Elapsed time spent in this place.
 B = Non-inter-level travel time spent in this place.
 C = Inter-level travel time spent in this place.
 D = Time resting spent in this place.
 E = Time spent auto-exploring this place.
 F = Levels seen in this place.
 G = Mean time per level.
                   A        B        C        D        E       F      G
               +--------+--------+--------+--------+--------+-----+--------+
         Total |   3341 |   3263 |     78 |    697 |   1889 |   5 |  668.2 |
       Dungeon |   2986 |   2908 |     78 |    467 |   1810 |   4 |  746.5 |
         Sewer |    354 |    354 |      0 |    230 |     79 |   1 |  354.0 |
               +--------+--------+--------+--------+--------+-----+--------+

Top non-repeatable levels by time:
     D:1: 1121 daAuts
     D:2: 762 daAuts
     D:3: 696 daAuts
     D:4: 406 daAuts
   Sewer: 354 daAuts
